 Dungeon Crawl Stone Soup version 0.29.1-1-gd02db69 (webtiles) character file.

Game seed: 17451938820742518796

427 Dorkslayer the Covered (level 6, -1/38 HPs)
             Began as a Gargoyle Fighter on Oct 26, 2022.
             Slain by a hornet (12 damage)
             ... on level 4 of the Dungeon.
             The game lasted 00:07:25 (2844 turns).

Dorkslayer the Covered (Gargoyle Fighter)           Turns: 2844, Time: 00:07:26

Health: -1/38      AC: 17    Str: 18 (19) XL:     6   Next: 97%
Magic:  6/6        EV:  5    Int:  9      God:
Gold:   94         SH:  5    Dex: 10 (11) Spells: 5/5 levels left

rFire   . . .      SeeInvis .   a - +0 long sword
rCold   . . .      Faith    .   c - +1 buckler
rNeg    + . .      Spirit   .   m - +0 plate armour
rPois   ∞          Reflect  .   (no helmet)
rElec   +          Harm     .   (no cloak)
rCorr   .          Rampage  .   b - +0 pair of gloves
Will    .....                   (no boots)
Stlth   ..........              k - amulet of regeneration
HPRegen 0.92/turn               (no ring)
MPRegen 0.10/turn               (no ring)

@: no status effects
A: sickness immunity, AC +4, negative energy resistance 1, electricity
resistance, torment resistance 1, petrification resistance
a: no special abilities


You were on level 4 of the Dungeon.
You visited 1 branch of the dungeon, and saw 4 of its levels.

You collected 94 gold pieces.

Inventory:

Hand Weapons
 a - a +0 long sword (weapon)
 q - a +1 short sword of speed
Armour
 b - a +0 pair of gloves (worn)
 c - a +1 buckler (worn)
 m - a +0 plate armour (worn)
Jewellery
 k - an amulet of regeneration (around neck)
Wands
 s - a wand of charming (1)
 u - a wand of iceblast (13)
Scrolls
 j - 2 scrolls of teleportation
 n - a scroll of brand weapon {unknown}
 o - a scroll of acquirement {unknown}
 p - 2 scrolls of enchant weapon {unknown}
 v - a scroll of poison {unknown}
Potions
 h - 2 potions of mutation
 i - a potion of degeneration
 r - a potion of haste


   Skills:
 + Level 4.2 Fighting
 + Level 4.0 Long Blades
 + Level 4.8 Armour
 + Level 2.0 Dodging
 + Level 4.2 Shields
 * Level 0.7 Evocations


You had 5 spell levels left.
You didn't know any spells.
Your spell library was empty.

Dungeon Overview and Level Annotations

Branches:
Dungeon (4/15)
 Temple: D:4-7

Altars:
Elyvilon
Zin

Shops:
D:3 *


Innate Abilities, Weirdness & Mutations

You are immune to sickness and miasma.
Your stone body is resilient. (AC +4)
You are immune to poison.
You resist negative energy. (rN+)
You are resistant to electric shocks. (rElec)
You are resistant to unholy torment.
You are immune to petrification.


Message History

The hornet is lightly wounded.
The hornet completely misses you. You block the hornet's attack.
You slash the hornet!
The hornet is heavily wounded.
The hornet barely misses you. The hornet stings you!
You hit the hornet.
The hornet is heavily wounded.
The hornet stings you. x2
* * * LOW HITPOINT WARNING * * *
You hit the hornet.
The hornet is severely wounded.
The hornet stings you but does no damage.
You barely miss the hornet.
The hornet is severely wounded.
The hornet stings you!
* * * LOW HITPOINT WARNING * * *
The hornet stings you but does no damage.
You hit the hornet but do no damage.
The hornet is severely wounded.
The hornet stings you.
* * * LOW HITPOINT WARNING * * *
The hornet barely misses you.
You feel better. The hornet stings you!
* * * LOW HITPOINT WARNING * * *
You block the hornet's attack.
You hit the hornet but do no damage.
The hornet is severely wounded.
The hornet barely misses you.
The hornet stings you but does no damage.
You miss the hornet.
The hornet is severely wounded.
You block the hornet's attack.
You barely miss the hornet.
The hornet is severely wounded.
You block the hornet's attack.
The hornet stings you but does no damage.
You barely miss the hornet.
The hornet is severely wounded.
The hornet barely misses you. The hornet stings you!
You die...

##########
..<).....#
.#######)# #.# ###
#.####.##
#.......###
#.........#
#.##.#..#.#
#.##.##.#@#####
..##.##.#y#...
#.....##.#)#.#
#.###.##.#...####...
.. #.##.#.#..o.....
#. #.##.#...#...#..
.$......# ....#
....##.## #### .###
...


You could see a hornet.

Vanquished Creatures
  Grinder (D:3)
  A scorpion (D:4)
  An orc priest (D:4)
  Jessica (D:2)
  Ijyb (D:3)
  3 adders (D:2)
  2 worms
  3 orcs (D:4)
  3 endoplasms
  4 giant cockroaches
  2 goblins
  4 hobgoblins
  2 jackals (D:1)
  3 kobolds
  A quokka (D:1)
  A ball python (D:1)
  3 bats
  4 frilled lizards
  5 rats
45 creatures vanquished.

Vanquished Creatures (collateral kills)
  An adder (D:4)
  An orc (D:4)
  A hobgoblin (D:4)
3 creatures vanquished.

Vanquished Creatures (others)
  An orc (D:4)
  A fungus (D:2)
  6 plants (D:2)
8 creatures vanquished.

Grand Total: 56 creatures vanquished

Notes
Turn   | Place    | Note
-------+----------+-------------------------------------------
     0 | D:1      | Dorkslayer the Gargoyle Fighter began the quest for the
                  | Orb.
     0 | D:1      | Reached XP level 1. HP: 14/14 MP: 1/1
   116 | D:1      | Reached XP level 2. HP: 7/19 MP: 2/2
  1055 | D:2      | Found a faded altar of an unknown god.
  1110 | D:2      | Found a white marble altar of Elyvilon.
  1149 | D:2      | Reached XP level 3. HP: 15/24 MP: 3/3
  1433 | D:2      | Reached skill level 1 in Dodging
  1726 | D:2      | Noticed Jessica
  1737 | D:2      | Killed Jessica
  1738 | D:2      | Reached XP level 4. HP: 29/29 MP: 4/4
  1871 | D:3      | Noticed Grinder
  1893 | D:3      | Killed Grinder
  1894 | D:3      | Reached XP level 5. HP: 20/33 MP: 5/5
  1894 | D:3      | Reached XP level 6. HP: 23/38 MP: 6/6
  1997 | D:3      | Noticed Ijyb
  2015 | D:3      | Killed Ijyb
  2461 | D:3      | Found Zin's Purification Station.
  2465 | D:3      | Found a glowing silver altar of Zin.
  2773 | D:4      | Noticed a hornet
  2844 | D:4      | Slain by a hornet

Illustrated notes

Levels and vault maps discovered:
D:1:      minmay_arrival_diagonal_passages, layout_basic
D:2:      layout_loops_cross, basic_altar,
          shapermc_ecumenical_altar_mp_ritualfount, uniq_jessica
D:3:      layout_basic, zin_purify, minmay_cupped, uniq_ijyb, uniq_grinder
D:4:      layout_loops_ring

Skill      XL: |  1  2  3  4  5  6 |
---------------+-------------------+-----
Long Blades    | 2 3 4 |  4.0
Dodging        | 1 2 |  2.0
Fighting       | 4 |  4.2
Armour         | 4 |  4.8
Shields        | 4 |  4.2
Evocations     | |  0.7

Action                   |  1- 3 |  4- 6 || total
-------------------------+-------+-------++-------
Melee: Long sword        |   134 |   132 ||   266
Evoke: Wand              |       |     4 ||     4
  Use: Potion            |       |     5 ||     5
       Scroll            |       |     6 ||     6
Armor: Scale mail        |    27 |       ||    27
       Chain mail        |    11 |       ||    11
       Plate armour      |    27 |    93 ||   120
Dodge: Dodged            |    53 |    43 ||    96
Block: Buckler           |    28 |    26 ||    54
